 Dungeon Crawl Stone Soup version 0.30-b1-2-g02819fbbbe (webtiles) character file.

Game seed: 13283865257482125595

20112 LLlMATKO the Cleaver (level 12, -7/112 HPs)
             Began as a Minotaur Berserker on Oct 6, 2023.
             Was a High Priest of Trog.
             Mangled by a 12-headed hydra (11 damage)
             ... on level 2 of the Lair of Beasts.
             The game lasted 00:11:40 (10695 turns).

LLlMATKO the Cleaver (Minotaur Berserker)          Turns: 10695, Time: 00:11:40

Health: -7/112     AC: 26    Str: 27    XL:     12   Next: 42%
Magic:  0/11       EV: 12    Int:  4    God:    Trog [*****.]
Gold:   1239       SH:  0    Dex: 10    Spells: 11/11 levels left

rFire   . . .        Q - +11 battleaxe of Tuutiy {heavy, rC++ Stlth+}
rCold   + + .        (shield currently unavailable)
rNeg    . . .        A - +8 chain mail {ponderous}
rPois   .            (helmet restricted)
rElec   .            v - +2 cloak
rCorr   .            S - +0 pair of gloves
SInv    .            r - +0 pair of boots
Will    .....        a - amulet of guardian spirit Stlth
                     l - +4 ring of slaying
HPRegen 0.38/turn    D - ring of willpower
MPRegen 0.12/turn

%: guardian spirit
@: silenced, weak-willed, slow
A: horns 2, retaliatory headbutt
a: Renounce Religion


You were on level 2 of the Lair of Beasts.
You worshipped Trog.
Trog was extremely pleased with you.
You visited 2 branches of the dungeon, and saw 14 of its levels.

You collected 1287 gold pieces.
You spent 48 gold pieces at shops.

Inventory:

Hand Weapons
 q - a +3 hand axe
 Q - the +11 battleaxe of Tuutiy (weapon) {heavy, rC++ Stlth+}
   (Trog gifted it to you on level 9 of the Dungeon)

   rC:        It greatly protects you from cold.
   Stlth:     It makes you more stealthy.
 X - a +0 broad axe
Missiles
 n - 9 boomerangs (quivered)
 B - 21 poisoned darts
 M - 2 throwing nets
 W - 7 javelins
Armour
 o - the +0 leather armour of the Sturgeon {Rampage Will- Str+4}
   (You found it on level 2 of the Dungeon)

   Str:       It affects your strength (+4).
   Rampage:   It bestows one free step when moving towards enemies.
   Will:      It decreases your willpower.
 r - a +0 pair of boots (worn)
 v - a +2 cloak (worn)
 A - a +8 chain mail of ponderousness (worn)
 C - a +0 kite shield
 K - a +2 ring mail of cold resistance
 P - a +1 plate armour
 S - a +0 pair of gloves (worn)
Jewellery
 a - an amulet of guardian spirit (around neck)
 l - a +4 ring of slaying (left hand)
 D - a ring of willpower (right hand)
 O - a +6 ring of dexterity
 T - an amulet of regeneration
 Y - a +4 ring of protection
Wands
 p - a wand of flame (26)
 t - a wand of roots (10)
 w - a wand of charming (18)
 U - a wand of digging (5)
Scrolls
 c - 4 scrolls of vulnerability
 d - 3 scrolls of silence
 e - 9 scrolls of identify {unknown}
 h - 2 scrolls of butterflies {unknown}
 i - a scroll of enchant weapon {unknown}
 j - 3 scrolls of teleportation {unknown}
 k - 2 scrolls of fear {unknown}
 y - 2 scrolls of brand weapon {unknown}
 G - 4 scrolls of magic mapping {unknown}
 H - 3 scrolls of poison {unknown}
 L - a scroll of fog
 N - 2 scrolls of immolation {unknown}
 R - 2 scrolls of blinking {unknown}
Potions
 b - 7 potions of cancellation {unknown}
 f - 3 potions of berserk rage {unknown}
 g - 4 potions of heal wounds {unknown}
 m - 4 potions of lignification {unknown}
 s - 2 potions of invisibility {unknown}
 u - 6 potions of curing {unknown}
 x - 2 potions of mutation {unknown}
 z - a potion of might {unknown}
 E - 4 potions of flight {unknown}
 F - 2 potions of degeneration {unknown}
 I - a potion of ambrosia {unknown}
 J - 3 potions of brilliance {unknown}
 V - a potion of magic {unknown}
 Z - a potion of attraction {unknown}


   Skills:
 + Level 11.9 Fighting
 + Level 11.9 Axes
 + Level 11.5 Armour
 + Level 10.6 Dodging
 + Level 10.6 Shields


You had 11 spell levels left.
You didn't know any spells.
Your spell library was empty.

Dungeon Overview and Level Annotations

Branches:
Dungeon (12/15)            Temple (0/1) D:6            Lair (1/5) D:10
    Orc (0/2) D:10

Altars:
Dithmenos
Elyvilon
Gozag
Hepliaklqana
Kikubaaqudgha
Makhleb
Ru
Sif Muna
Wu Jian
Yredelemnul
The Shining One

Shops:
D:6 :   D:7 =   D:8 *   D:10 (   D:12 *


Innate Abilities, Weirdness & Mutations

You have a pair of horns on your head.
You reflexively headbutt those who attack you in melee.


Message History

The 11-headed hydra bites you but does no damage.
The 11-headed hydra barely misses you. The 11-headed hydra closely misses you.
The 11-headed hydra misses you. The 11-headed hydra closely misses you.
The 11-headed hydra barely misses you. x2
The 11-headed hydra bites you but does no damage.
The 11-headed hydra bites you. The 11-headed hydra closely misses you.
The 11-headed hydra bites you but does no damage.
You hack one of the 11-headed hydra's heads off!
The ten-headed hydra grows two more!
You slash the 12-headed hydra!
The 12-headed hydra is almost dead.
You slash the yak!
You kill the yak!
Trog accepts your kill.
You barely miss the yak. You slice the yak!!
You kill the yak!
Trog accepts your kill. The yak completely misses you.
The 12-headed hydra bites you but does no damage.
The 12-headed hydra closely misses you.
The 12-headed hydra bites you but does no damage. x2
The 12-headed hydra bites you!
* * * LOW HITPOINT WARNING * * *
The 12-headed hydra bites you but does no damage.
The 12-headed hydra closely misses you. The 12-headed hydra bites you.
The 12-headed hydra misses you. The 12-headed hydra closely misses you.
The 12-headed hydra bites you.
* * * LOW HITPOINT WARNING * * *
The 12-headed hydra bites you.
* * * LOW HITPOINT WARNING * * *
The yak gores you.
* * * LOW HITPOINT WARNING * * *
The yak barely misses you. The komodo dragon barely misses you.
The 12-headed hydra bites you but does no damage. x3
The 12-headed hydra bites you!
* * * LOW HITPOINT WARNING * * *
The 12-headed hydra bites you but does no damage. x3
The 12-headed hydra bites you.
* * * LOW HITPOINT WARNING * * *
The 12-headed hydra closely misses you. The 12-headed hydra bites you!
You die...

........P..#
...........#
...........#
...........#
...........#
...........#
......†....##..
.......@Y......
......lDY......
...............
..............#
...............
...............
...............
..............P


You could see a 12-headed hydra, a komodo dragon and 2 yaks.

Vanquished Creatures
  4 two-headed ogres (D:11)
  A boulder beetle (D:12)
  The ghost of NimIero the Tainter, a novice DsVM (D:9)
  The ghost of kwasso the Magician, a novice DjNe of Dithmenos (D:6)
  4 skeletal warriors (D:12)
  An orc knight (D:10)
  2 deep elf pyromancers (D:12)
  A manticore (D:11)
  3 unseen horrors
  3 gargoyles
  3 cane toads
  5 komodo dragons
  An unseen horror skeleton (D:6)
  A troll (D:7)
  Prince Ribbit (D:8)
  2 shadows
  A wraith (D:12)
  9 yaks
  3 wyverns
  A ynoxinul (D:9)
  2 steam dragons
  3 vampire mosquitoes (D:12)
  7 orc warriors
  A water moccasin (D:6)
  2 black bears
  2 ogres
  6 wolves (Lair:1)
  A centaur (D:10)
  4 scorpions
  4 bullfrogs
  A gnoll sergeant (D:7)
  10 wights
  A wyvern skeleton (D:6)
  15 killer bees
  10 howler monkeys
  A spectral centaur (D:6)
  6 orc priests
  3 jellies
  A gnoll bouda (D:5)
  6 hounds
  Crazy Yiuf (D:2)
  9 iguanas
  3 sleepcaps
  Ijyb (D:3)
  9 orc wizards
  Robin (D:3)
  A howler monkey skeleton (D:6)
  11 adders
  21 gnolls
  A shadow imp (D:7)
  2 white imps (D:6)
  3 ufetubi
  A worm (D:3)
  2 dart slugs
  48 orcs
  7 ball pythons
  5 bat skeletons (D:9)
  A bat zombie (D:9)
  6 endoplasms
  3 giant cockroaches
  20 goblins
  5 hobgoblins
  12 jackals
  5 quokkas
  3 bats
  3 frilled lizards
  7 kobolds
  23 rats
  A bush (D:5)
349 creatures vanquished.

Vanquished Creatures (others)
  10 fungi
  6 plants
16 creatures vanquished.

Grand Total: 365 creatures vanquished

Notes
Turn   | Place    | Note
-------+----------+-------------------------------------------
     0 | D:1      | LLlMATKO the Minotaur Berserker began the quest for the
                  | Orb.
     0 | D:1      | Reached XP level 1. HP: 19/19 MP: 0/0
   218 | D:1      | Reached XP level 2. HP: 24/27 MP: 1/1
   529 | D:2      | Found a faded altar of an unknown god.
   548 | D:2      | Identified the +0 leather armour of the Sturgeon {Rampage
                  | Will- Str+4}
   552 | D:2      | Reached XP level 3. HP: 30/33 MP: 2/2
   600 | D:2      | Reached XP level 4. HP: 37/41 MP: 3/3
   692 | D:2      | Found a runed translucent door.
   693 | D:2      | Noticed Crazy Yiuf
   861 | D:2      | Reached ** piety under Trog
  1432 | D:2      | Killed Crazy Yiuf
  1433 | D:2      | Reached XP level 5. HP: 47/47 MP: 4/4
  1585 | D:3      | Noticed Robin
  1586 | D:3      | Noticed Ijyb
  1590 | D:3      | Killed Ijyb
  1595 | D:3      | Reached skill level 5 in Fighting
  1601 | D:3      | Killed Robin
  1604 | D:3      | Reached skill level 5 in Axes
  1813 | D:3      | You fall into a shaft and drop 2 floors!
  1813 | D:5      | Entered Level 5 of the Dungeon
  1831 | D:5      | Reached *** piety under Trog
  2019 | D:3      | Reached XP level 6. HP: 55/56 MP: 5/5
  2331 | D:4      | Found a shimmering blue altar of Sif Muna.
  2381 | D:4      | Reached skill level 1 in Shields
  2618 | D:4      | Reached XP level 7. HP: 62/62 MP: 6/6
  3069 | D:5      | Reached skill level 5 in Armour
  3174 | D:5      | Found a hazy altar of Hepliaklqana.
  3211 | D:5      | Reached **** piety under Trog
  3254 | D:5      | Found a burning altar of Makhleb.
  3339 | D:5      | Reached skill level 5 in Dodging
  3629 | D:5      | Reached XP level 8. HP: 64/71 MP: 7/7
  4613 | D:6      | Found a runed translucent gate.
  4614 | D:6      | Found a runed translucent gate.
  4614 | D:6      | Found a runed translucent gate.
  4621 | D:6      | Noticed kwasso's ghost (novice DjNe)
  4656 | D:6      | Found Leeca's Book Emporium.
  4737 | D:6      | Found a staircase to the Ecumenical Temple.
  4956 | D:7      | Noticed a troll
  4960 | D:7      | Reached skill level 5 in Shields
  4964 | D:7      | Killed a troll
  4965 | D:7      | Reached XP level 9. HP: 79/79 MP: 8/8
  4967 | D:7      | Found a basalt altar of Yredelemnul.
  5044 | D:7      | Found Gygudut's One-of-a-Kind Rings.
  5881 | D:8      | Found Bbyclin's Bounteous Boutique.
  5904 | D:8      | Reached ***** piety under Trog
  5941 | D:8      | Bought a +0 broad axe for 48 gold pieces
  6038 | D:8      | Found a glowing golden altar of the Shining One.
  6046 | D:8      | Found a shadowy altar of Dithmenos.
  6390 | D:8      | Noticed Prince Ribbit
  6404 | D:8      | Killed Prince Ribbit
  6587 | D:9      | Reached XP level 10. HP: 90/90 MP: 9/9
  6625 | D:9      | Found a runed translucent door.
  6645 | D:9      | Noticed NimIero's ghost (novice DsVM)
  6988 | D:9      | Found an ancient bone altar of Kikubaaqudgha.
  7106 | D:9      | Identified the +11 battleaxe of Tuutiy {heavy, rC++ Stlth+}
                  | (Trog gifted it to you on level 9 of the Dungeon)
  7106 | D:9      | Received a gift from Trog
  7371 | D:6      | Killed kwasso's ghost
  7502 | D:9      | Killed NimIero's ghost
  7547 | D:10     | Entered Level 10 of the Dungeon
  7774 | D:10     | Found an opulent altar of Gozag.
  7815 | D:10     | Found a staircase to the Orcish Mines.
  7828 | D:10     | Noticed an orc knight
  7830 | D:10     | Found Qoskid's Weapon Emporium.
  7834 | D:10     | Killed an orc knight
  7835 | D:10     | Reached skill level 10 in Axes
  7890 | D:10     | Reached skill level 10 in Fighting
  8055 | D:10     | Reached XP level 11. HP: 98/99 MP: 10/10
  8072 | D:10     | Identified the +6 scimitar of the Hammering Firefly {elec,
                  | rN+ Str+4}
  8102 | D:10     | Found a staircase to the Lair.
  8153 | D:10     | Found a white marble altar of Elyvilon.
  8361 | D:10     | Found an ornate altar of the Wu Jian Council.
  8607 | D:11     | Noticed a two-headed ogre
  8613 | D:11     | Killed a two-headed ogre
  8762 | D:11     | Noticed a two-headed ogre
  8766 | D:11     | Killed a two-headed ogre
  8839 | D:11     | Noticed a two-headed ogre
  8845 | D:11     | Reached skill level 10 in Armour
  8848 | D:11     | Killed a two-headed ogre
  9161 | D:11     | Noticed a two-headed ogre
  9165 | D:11     | Killed a two-headed ogre
  9885 | D:12     | Found Vunwoeru's General Store.
  9939 | D:12     | Noticed a skeletal warrior
  9939 | D:12     | Noticed a skeletal warrior
  9939 | D:12     | Noticed a skeletal warrior
  9939 | D:12     | Noticed a skeletal warrior
  9945 | D:12     | Killed a skeletal warrior
  9945 | D:12     | Killed a skeletal warrior
  9947 | D:12     | Killed a skeletal warrior
  9951 | D:12     | Killed a skeletal warrior
  9952 | D:12     | Reached skill level 10 in Dodging
 10060 | D:12     | Noticed a deep elf pyromancer
 10063 | D:12     | Killed a deep elf pyromancer
 10103 | D:12     | Noticed a boulder beetle
 10110 | D:12     | Killed a boulder beetle
 10111 | D:12     | Reached skill level 10 in Shields
 10111 | D:12     | Reached XP level 12. HP: 96/110 MP: 9/11
 10220 | D:12     | Found a sacrificial altar of Ru.
 10473 | Lair:1   | Entered Level 1 of the Lair of Beasts
 10682 | Lair:1   | You fall into a shaft and drop 1 floor!
 10685 | Lair:2   | Noticed an eight-headed hydra
 10695 | Lair:2   | HP: 4/112 [12-headed hydra (2)]
 10695 | Lair:2   | Mangled by a 12-headed hydra

Illustrated notes

Levels and vault maps discovered:
D:1:      lightli_arrival_chessboard, layout_rooms, chequers_hall_statues_wall_a
D:2:      layout_loops_ring, basic_ecumenical_altar, minmay_rat_hole,
          uniq_crazy_yiuf_cottage
D:3:      layout_basic, nicolae_goblin_pals
D:4:      kennysheep_goblin_castle, layout_basic,
          mainiacjoe_overflow_concentric_impassable, minivault_1
D:5:      layout_basic, mainiacjoe_overflow_catch_the_wave, dreamdust_gnoll_farm
D:6:      layout_rooms, minmay_temple_entry_statues_pillars, serial_shops, shop,
          gammafunk_ghost_necromancy
D:7:      layout_loops_ring, mainiacjoe_overflow_small_starburst,
          nicolae_shop_unique_rings, st_stairs_1,
          minmay_fractal_squares_diagonal_5
D:8:      layout_basic, grunt_dithmenos_smoke, tso_metal_star,
          nicolae_alphabet_shops, uniq_prince_ribbit1
D:9:      layout_roguey [special_room_orc], kennysheep_vampire_church,
          hellmonk_ghost_big_iron
D:10:     layout_loops_ring, mainiacjoe_overflow_big_doors,
          mainiacjoe_overflow_alcove_2, nicolae_overflow_hidden_temple,
          orc_david_3
D:11:     layout_loops_corners
D:12:     layout_roguey, serial_shops, nicolae_shop_behind_doors,
          nicolae_ru_the_path_less_chosen
Lair:1:   layout_roguey, chequers_serial_rivers_marsh, st_stairs_11,
          infiniplex_staircase_pool_2
Lair:2:   layout_cave_shapes, minmay_swamp_entry_swarm, portal_ice_cave_rime,
          amcnicky_mini_pool_medium

Skill      XL: |  1  2  3  4  5  6  7  8  9 10 11 |
---------------+----------------------------------+-----
Fighting       | 4 5 6 7 8 10 11 | 11.9
Axes           | 4 5 6 7 8 10 11 | 11.9
Armour         | 3 4 5 6 8 9 11 | 11.5
Dodging        | 3 4 5 6 7 8 10 | 10.6
Shields        | 1 3 5 6 8 10 | 10.6

Action                     |  1- 3 |  4- 6 |  7- 9 | 10-12 || total
---------------------------+-------+-------+-------+-------++-------
  Melee: Hand axe          |    39 |   111 |   255 |    57 ||   462
         Headbutt          |     7 |    13 |    53 |    34 ||   107
         Punch             |     2 |       |       |       ||     2
         Battleaxe         |       |       |       |   108 ||   108
 Invoke: Berserk           |       |     2 |     7 |     4 ||    13
         Trog's Hand       |       |       |       |     2 ||     2
    Use: Scroll            |       |       |       |     7 ||     7
   Stab: Distracted        |     1 |       |       |       ||     1
 Armour: Animal skin       |     9 |       |       |       ||     9
         Leather armour    |     1 |    38 |    52 |       ||    91
         Chain mail        |       |       |    41 |   155 ||   196
  Dodge: Dodged            |    27 |    44 |   125 |   138 ||   334
  Block: Kite shield       |       |     8 |   112 |    21 ||   141
